 Dungeon Crawl Stone Soup version 0.21.1-1-g345015f (webtiles) character file.

2788 inc the Blocker (level 9, -3/56 HPs)
             Began as an Octopode Fighter on June 13, 2018.
             Was an Elder of Cheibriados.
             Slain by an orc warlord
             ... wielding a +3 war axe
              (25 damage)
             ... on level 7 of the Dungeon.
             The game lasted 00:09:07 (6453 turns).

inc the Blocker (Octopode Fighter)                  Turns: 6453, Time: 00:09:08

Health: -3/56      AC:  1    Str: 30    XL:     9   Next: 71%
Magic:  13/13      EV: 17    Int: 21    God:    Cheibriados [****..]
Gold:   324        SH: 13    Dex: 21    Spells: 8/8 levels left

rFire    . . .     SeeInvis .     - Unarmed
rCold    . . .     Gourm    .   a - +0 shield
rNeg     . . .     Faith    .   (helmet restricted)
rPois    .         Spirit   .   (no amulet)
rElec    .         Reflect  .   (no ring)
rCorr    .         Harm     .   C - ring of wizardry
MR       .....                  (no ring)
Stlth    +++.......             (no ring)
HPRegen  0.18/turn              (no ring)
MPRegen  0.13/turn              (no ring)
                                (no ring)
                                (no ring)

@: mighty, very slow
A: almost no armour, stealthy swim, amphibious, 8 rings, constrict 8, camouflage
1, gelatinous body 1
a: Bend Time, Temporal Distortion, Slouch, Renounce Religion


You were on level 7 of the Dungeon.
You worshipped Cheibriados.
Cheibriados was greatly pleased with you.
You were not hungry.

You visited 1 branch of the dungeon, and saw 7 of its levels.
You also visited: Ossuary.

You collected 324 gold pieces.

Inventory:

Missiles
 F - 14 poisoned needles
Armour
 a - a +0 shield (worn)
Jewellery
 y - an uncursed ring of ice
 C - a ring of wizardry (right tentacle)
 G - an uncursed ring of protection from magic {unknown}
Wands
 l - a wand of flame (32)
 B - a wand of random effects (54)
Scrolls
 g - 5 scrolls of remove curse {unknown}
 h - 8 scrolls of identify {unknown}
 k - 2 scrolls of enchant weapon {unknown}
 m - 2 scrolls of immolation {unknown}
 o - 3 scrolls of teleportation {unknown}
 p - 2 scrolls of magic mapping {unknown}
 q - 3 scrolls of enchant armour {unknown}
 r - 3 scrolls of blinking {unknown}
 s - a scroll of fog {unknown}
 v - a scroll of amnesia {unknown}
 w - a scroll of fear {unknown}
 A - a scroll of random uselessness {unknown}
Potions
 b - a potion of might
 d - 3 potions of curing {unknown}
 e - 2 potions of heal wounds
 f - 2 potions of magic {unknown}
 i - 3 potions of agility {unknown}
 j - 3 potions of lignification {unknown}
 n - 2 potions of haste {unknown}
 t - a potion of flight {unknown}
 u - 2 potions of mutation {unknown}
 x - a potion of cancellation {unknown}
 z - a potion of brilliance {unknown}
 D - 2 potions of degeneration {unknown}
 E - a potion of berserk rage {unknown}
Comestibles
 c - 8 rations


   Skills:
 + Level 3.0 Fighting
 - Level 6.2 Dodging
 - Level 8.1 Shields
 - Level 7.7 Unarmed Combat
 - Level 5.6 Invocations


You had 8 spell levels left.
You didn't know any spells.

Dungeon Overview and Level Annotations

Branches:
Dungeon (7/15)
 Temple: D:4-7

Altars:
Cheibriados
Kikubaaqudgha
Nemelex Xobeh
The Shining One

Shops:
D:6 (


Innate Abilities, Weirdness & Mutations

You cannot wear most types of armour.
You are very stealthy in the water. (Stealth+)
You are amphibious.
You can wear up to eight rings at the same time.
You can use your tentacles to constrict eight enemies at once.
Your skin changes colour to match your surroundings (Stealth+).
Your rubbery body absorbs attacks. (AC +1, EV +1)


Message History

The orc warlord is heavily wounded.
You constrict the orc warlord! You block the orc warlord's attack.
The orc warrior throws a tomahawk.
The tomahawk hits you!
Unknown command.
You barely miss the orc warlord.
The orc warlord is heavily wounded.
You constrict the orc warlord.
Unknown command.
You tentacle-slap the orc warlord but do no damage.
You squeeze the orc warlord, but do no damage.
The orc warlord is severely wounded.
You constrict the orc warlord.
The orc warlord hits you with an enchanted war axe!
Unknown command.
You bludgeon the orc warrior! You grab the orc warrior.
The orc warrior is moderately wounded.
You constrict the orc warrior, but do no damage.
You constrict the orc warlord!
The orc warlord hits you with an enchanted war axe!!
You die...

.. ..###############
#'#....'..o@....#
#.#....###o######
#.#..).#%#o..o....
#.###'##.#.....ooo
#......#.#.....ooo
#......#.'......oo
#)#####################
#.#..)........#....#...
#.'..)...)....'....'...


You could see an orc warlord, an orc warrior and an orc.

Vanquished Creatures
  Prince Ribbit (D:6)
  The ghost of Hebeh the Shield-Bearer, an amateur DDFi (D:3)
  4 wargs (D:7)
  A water moccasin (D:5)
  Duvessa (D:6)
  4 orc warriors (D:7)
  2 sky beasts (D:6)
  Blork the orc (D:6)
  A bullfrog (D:6)
  Dowan (D:6)
  5 howler monkeys
  4 crimson imps
  2 centaur zombies (Ossuary)
  A jelly (D:5)
  A centaur skeleton (D:4)
  A hound (D:4)
  3 orc priests
  4 worker ants
  An iguana (D:5)
  A big kobold zombie (Ossuary)
  A hound skeleton (D:4)
  2 mummies (Ossuary)
  A howler monkey zombie (D:4)
  8 adders
  A shadow imp (D:5)
  2 adder zombies
  2 oozes
  3 dart slugs
  4 leopard geckos
  43 orcs
  6 bats
  7 giant cockroaches
  3 goblins
  6 hobgoblins
  11 jackals
  6 kobolds
  2 quokkas
  A frilled lizard (D:4)
  7 goblin zombies
  12 hobgoblin zombies
  A jackal skeleton (D:6)
  4 jackal zombies
  4 kobold skeletons (D:4)
  7 kobold zombies (Ossuary)
  An orc skeleton (D:4)
  9 orc zombies
  7 rats
201 creatures vanquished.

Notes
Turn   | Place    | Note
-------+----------+-------------------------------------------
     0 | D:1      | inc the Octopode Fighter began the quest for the Orb.
     0 | D:1      | Reached XP level 1. HP: 16/16 MP: 1/1
    56 | D:1      | Reached XP level 2. HP: 12/21 MP: 2/2
   429 | D:1      | Reached XP level 3. HP: 8/26 MP: 3/3
  1664 | D:2      | Reached skill level 4 in Shields
  1664 | D:2      | Reached XP level 4. HP: 31/31 MP: 4/4
  2416 | D:3      | Found a snail-covered altar of Cheibriados.
  2420 | D:3      | Found a faded altar of an unknown god.
  2525 | D:3      | Became a worshipper of Cheibriados the Contemplative
  2788 | D:3      | Noticed Hebeh's ghost (amateur DDFi)
  2802 | D:3      | Killed Hebeh's ghost
  2802 | D:3      | Reached skill level 5 in Shields
  2802 | D:3      | Reached XP level 5. HP: 15/36 MP: 5/5
  2802 | D:3      | Reached XP level 6. HP: 18/42 MP: 6/6
  3459 | D:4      | Reached skill level 5 in Unarmed Combat
  3505 | D:4      | Reached * piety under Cheibriados
  3736 | D:4      | Found a glowing golden altar of the Shining One.
  3746 | D:4      | Reached XP level 7. HP: 43/46 MP: 7/7
  4241 | D:5      | Entered Level 5 of the Dungeon
  4250 | D:5      | Found a sparkling altar of Nemelex Xobeh.
  4289 | D:5      | Reached skill level 6 in Shields
  4332 | D:5      | Reached ** piety under Cheibriados
  4605 | D:5      | Found an ancient bone altar of Kikubaaqudgha.
  4757 | D:6      | Reached XP level 8. HP: 44/52 MP: 8/8
  4759 | D:6      | Noticed Duvessa
  4759 | D:6      | Noticed Dowan
  4759 | D:6      | Noticed Prince Ribbit
  4770 | D:6      | Killed Duvessa
  4777 | D:6      | Killed Prince Ribbit
  4777 | D:6      | Reached skill level 7 in Shields
  4781 | D:6      | Killed Dowan
  4936 | D:6      | Noticed Blork the orc
  4940 | D:6      | Found a sand-covered staircase.
  4945 | Ossuary  | Entered an ossuary
  4995 | Ossuary  | Reached *** piety under Cheibriados
  5047 | Ossuary  | Reached skill level 5 in Dodging
  5159 | D:6      | Killed Blork the orc
  5435 | D:6      | Found Oniedd's Antique Weapon Emporium.
  5638 | D:6      | Reached XP level 9. HP: 15/56 MP: 9/9
  5979 | D:7      | Reached **** piety under Cheibriados
  5981 | D:7      | Reached skill level 8 in Shields
  6042 | D:7      | Reached skill level 1 in Invocations
  6102 | D:7      | HP: 2/56 [orc warrior/trident (19)]
  6385 | D:7      | Reached skill level 5 in Invocations
  6436 | D:7      | Noticed an orc warlord
  6453 | D:7      | Slain by an orc warlord

Skill      XL: |  1  2  3  4  5  6  7  8  9 |
---------------+----------------------------+-----
Unarmed Combat | 3 4 5 6 7 |  7.7
Shields        | 4 5 6 7 8 |  8.1
Dodging        | 4 5 6 |  6.2
Invocations    | 5 |  5.6
Fighting       | |  3.0

Action                   |  1- 3 |  4- 6 |  7- 9 || total
-------------------------+-------+-------+-------++-------
Melee: Unarmed           |    78 |    87 |   283 ||   448
       Constrict         |    21 |    29 |    80 ||   130
       Tentacles         |    14 |    26 |    91 ||   131
       Punch             |     1 |     6 |    20 ||    27
Invok: Slouch            |       |       |     1 ||     1
  Use: Potion            |       |     1 |     4 ||     5
 Stab: Sleeping          |     7 |     2 |     7 ||    16
  Eat: Chunk             |     2 |     3 |     5 ||    10
       Ration            |       |     1 |       ||     1
Armor: Skin              |     5 |     4 |     5 ||    14
Dodge: Dodged            |    26 |    41 |   102 ||   169
Block: Shield            |    29 |    46 |   125 ||   200
